 Dungeon Crawl Stone Soup version 0.32-a0-675-gdc239d62e1 (webtiles) character file.

Game seed: 7430432039019998391

248 Fodor the Covered (level 5, 0/47 HPs)
             Began as a Minotaur Fighter on Mar 11, 2024.
             Succumbed to a water moccasin's poison
             ... on level 3 of the Dungeon.
             The game lasted 00:04:36 (1915 turns).

Fodor the Covered (Minotaur Fighter)                Turns: 1915, Time: 00:04:37

Health: 0/47       AC: 12    Str: 23    XL:     5   Next: 86%
Magic:  4/4        EV:  8    Int:  5    God:
Gold:   104        SH:  4    Dex:  9    Spells: 4/4 levels left

rFire   . . .        a - +0 war axe
rCold   . . .        c - +0 buckler
rNeg    . . .        b - +0 chain mail
rPois   .            (helmet restricted)
rElec   .            (no cloak)
rCorr   .            e - +0 pair of gloves
SInv    .            i - +0 pair of boots
Will    .....        (no amulet) Stlth
                     (no ring)
HPRegen 0.27/turn    (no ring)
MPRegen 0.09/turn

%: no passive effects
@: lethally poisoned (0 -> -7)
A: horns 2, retaliatory headbutt
a: no special abilities


You were on level 3 of the Dungeon.
You visited 1 branch of the dungeon, and saw 3 of its levels.

You collected 104 gold pieces.

Inventory:

Hand Weapons
 a - a +0 war axe (weapon)
 p - a +1 sling of flaming
Armour
 b - a +0 chain mail (worn)
 c - a +0 buckler (worn)
 e - a +0 pair of gloves (worn)
 i - a +0 pair of boots (worn)
Talismans
 n - a beast talisman
Scrolls
 f - 4 scrolls of identify {unknown}
 g - a scroll of poison {unknown}
 m - a scroll of teleportation {unknown}
Potions
 d - a potion of might
 h - a potion of magic {unknown}
 j - a potion of heal wounds {unknown}
 k - 2 potions of curing {unknown}
 l - a potion of brilliance {unknown}
 o - a potion of mutation {unknown}


   Skills:
 + Level 4.6 Fighting
 + Level 4.9 Axes
 + Level 0.6 Ranged Weapons
 + Level 5.0 Armour
 + Level 0.2 Dodging
 + Level 0.7 Stealth
 + Level 4.3 Shields


You had 4 spell levels left.
You didn't know any spells.
Your spell library contained the following spells:

 Spells                   Type           Power      Damage    Failure   Level
 Volatile Blastmotes      Fire/Tloc      0%         2d10      100%        3
 Fulminant Prism          Conj/Alch      0%         3d5       100%        4
 Iskenderun's Mystic Bla  Conj/Tloc      0%         2d3       100%        4


Dungeon Overview and Level Annotations

Branches:
Dungeon (3/15)

Altars:


Innate Abilities, Weirdness & Mutations

You have a pair of horns on your head.
You reflexively headbutt those who attack you in melee.


Message History

You are poisoned.
The water moccasin poisons you! The gnoll hits you but does no damage.
The water moccasin bites you but does no damage.
You completely miss the water moccasin.
The water moccasin is lightly wounded.
You feel very sick. You block the water moccasin's attack.
The gnoll hits you from afar with a +0 halberd.
The water moccasin bites you but does no damage.
The gnoll hits you but does no damage.
You miss the water moccasin.
The water moccasin is lightly wounded.
You feel sick. The water moccasin bites you.
You are more poisoned.
The water moccasin poisons you!
The gnoll hits you from afar with a +0 halberd.
The water moccasin bites you but does no damage.
You miss the water moccasin. You headbutt the water moccasin.
The water moccasin is moderately wounded.
You feel very sick.
The water moccasin bites you but does no damage.
The gnoll barely misses you.
The water moccasin bites you but does no damage.
You slash the water moccasin!
The water moccasin is severely wounded.
* * * LOW HITPOINT WARNING * * *
You feel very sick.
The water moccasin completely misses you.
The gnoll hits you from afar with a +0 halberd!
* * * LOW HITPOINT WARNING * * *
The water moccasin closely misses you. You furiously retaliate!
You headbutt the water moccasin!
You kill the water moccasin!
The gnoll hits you but does no damage.
Your Armour skill increases to level 5!
* * * LOW HITPOINT WARNING * * *
You feel sick. The gnoll barely misses you.
You barely miss the gnoll. You headbutt the gnoll!
The gnoll is severely wounded.
You die...

#......####...#
..
#.............#
.
#.............#
#.............#
#...#.†.......#
#...#.........#
#...#.........#
#####......)####
#...@g.)...#
#######)...#
....# S...#
...... .......
##..... .....


You could see a gnoll.

Vanquished Creatures
  A water moccasin (D:3)
  Robin (D:2)
  3 gnolls (D:3)
  4 adders
  A dart slug (D:2)
  A ribbon worm (D:2)
  2 bats
  5 endoplasms
  3 giant cockroaches
  14 goblins
  8 hobgoblins
  2 jackals (D:2)
  5 kobolds
  A quokka (D:2)
  2 ball pythons
  A frilled lizard (D:1)
  A rat (D:1)
55 creatures vanquished.

Notes
Turn   | Place    | Note
-------+----------+-------------------------------------------
     0 | D:1      | Fodor the Minotaur Fighter began the quest for the Orb.
     0 | D:1      | Reached XP level 1. HP: 19/19 MP: 0/0
   170 | D:1      | Reached XP level 2. HP: 27/27 MP: 1/1
   268 | D:1      | Reached skill level 4 in Armour
   556 | D:1      | Found a faded altar of an unknown god.
   830 | D:2      | Reached XP level 3. HP: 33/33 MP: 2/2
  1324 | D:2      | Noticed Robin
  1329 | D:2      | Reached XP level 4. HP: 40/41 MP: 3/3
  1335 | D:2      | Killed Robin
  1903 | D:3      | Noticed a water moccasin
  1904 | D:3      | Reached XP level 5. HP: 41/47 MP: 4/4
  1913 | D:3      | Killed a water moccasin
  1914 | D:3      | Reached skill level 5 in Armour
  1915 | D:3      | Succumbed to a water moccasin's poison

Illustrated notes

Levels and vault maps discovered:
D:1:      psy_arrival_spokes, layout_loops_ring,
          hellmonk_ecumenical_altar_leap_of_faith
D:2:      layout_basic, serial_forest, infiniplex_forest_straight_4,
          infiniplex_forest_straight_3, infiniplex_forest_zigzag_1,
          infiniplex_forest_clump_double, infiniplex_forest_lined_room_2,
          infiniplex_forest_clump_small, infiniplex_forest_clump_medium,
          infiniplex_forest_join, minmay_tree_intersection,
          nicolae_concentric_dashed_squares_mild, uniq_robin
D:3:      layout_basic, lemuel_coloured_pillars_altar, kennysheep_nondescript,
          hex_tiny

Skill      XL: |  1  2  3  4  5 |
---------------+----------------+-----
Armour         | 4 5 |  5.0
Shields        | 4 |  4.3
Fighting       | 4 |  4.6
Axes           | 3 4 |  4.9
Ranged Weapons | |  0.6
Dodging        | |  0.2
Stealth        | |  0.7

Action                     |  1- 3 |  4- 6 || total
---------------------------+-------+-------++-------
  Melee: War axe           |    76 |    49 ||   125
         Headbutt          |     7 |     7 ||    14
   Fire: Sling             |       |     9 ||     9
 Armour: Scale mail        |    18 |       ||    18
         Chain mail        |    31 |    56 ||    87
  Dodge: Dodged            |    30 |    22 ||    52
  Block: Buckler           |    14 |    15 ||    29

Table legend: (Time is in decaauts)
 A = Elapsed time spent in this place.
 B = Non-inter-level travel time spent in this place.
 C = Inter-level travel time spent in this place.
 D = Time resting spent in this place.
 E = Time spent auto-exploring this place.
 F = Levels seen in this place.
 G = Mean time per level.
                   A        B        C        D        E       F      G
               +--------+--------+--------+--------+--------+-----+--------+
         Total |   1967 |   1934 |     33 |      0 |   1317 |   3 |  655.7 |
       Dungeon |   1967 |   1934 |     33 |      0 |   1317 |   3 |  655.7 |
               +--------+--------+--------+--------+--------+-----+--------+

Top non-repeatable levels by time:
     D:2: 1125 daAuts
     D:1: 724 daAuts
     D:3: 117 daAuts
